cohdb
Replays
Latest Replays
All Replays
Popular Replays
Top Player Replays
Match Explorer
How It Works
Community
CoH3 Stats
Reddit
Sign in to upload your games and track your stats! →
Sign in with Steam
Match 46849721
Unlisted
Match 46849721
Overview
Messages
Build Orders
End
Construct Weapon Support Center
Engineer Squad
M1919 Machine Gun Team
Selects Heavy Weapons
M1919 Machine Gun Team
Construct Barracks
Riflemen Squad
Bazooka Squad
AI Takeover
Nadezhdy
KELE
Sergei_W40k
Champ
Hoo
Adult Asthma Is A Choice
391878204
J1odge
0
0
Comments
sign in to comment!
No comments posted yet!